 Dungeon Crawl Stone Soup version 0.25-a0-489-g9ae84a01e3 (webtiles) character file.

Game seed: 13847358397127576050, levelgen mode: deterministic

1071 Emblim88 the Ruffian (level 8, -7/79 HPs)
             Began as a Troll Monk on Feb 11, 2020.
             Was a Believer of Okawaru.
             Mangled by a slave (9 damage)
             ... led by Pikel
             ... on level 6 of the Dungeon.
             The game lasted 00:13:17 (4047 turns).

Emblim88 the Ruffian (Troll Monk)                   Turns: 4047, Time: 00:13:17

Health: -7/79      AC:  2    Str: 27    XL:     8   Next: 7%
Magic:  8/8        EV: 10    Int:  6    God:    Okawaru [**....]
Gold:   244        SH:  0    Dex: 12    Spells: 6/7 levels left

rFire    . . .     SeeInvis +     - Unarmed
rCold    . . .     Gourm    +   (no shield)
rNeg     . . .     Faith    .   a - +0 robe
rPois    .         Spirit   .   (helmet restricted)
rElec    .         Reflect  .   (no cloak)
rCorr    .         Harm     .   (gloves unavailable)
MR       .....                  (boots unavailable)
Stlth    ++........             o - amulet of regeneration
HPRegen  1.03/turn              v - ring of see invisible
MPRegen  0.11/turn              y - +5 ring of strength

@: corroded
A: large, unfitting armour, claws 3, fast metabolism 3, gourmand, regeneration
1, shaggy fur 1, tough skin 3
a: Heroism, Renounce Religion


You were on level 6 of the Dungeon.
You worshipped Okawaru.
Okawaru was pleased with you.
You were not hungry.

You visited 2 branches of the dungeon, and saw 7 of its levels.

You collected 244 gold pieces.

Inventory:

Missiles
 e - 273 stones
 q - 2 curare-tipped darts
 r - 10 poisoned darts
 w - 13 boomerangs (quivered)
Armour
 a - a +0 robe (worn)
Magical Staves
 A - an uncursed staff of wizardry
Jewellery
 k - an uncursed ring of fire
 o - an amulet of regeneration (around neck)
 v - a ring of see invisible (left claw)
 x - an uncursed ring of flight
 y - a +5 ring of strength (right claw)
 C - a cursed amulet of inaccuracy {unknown}
Wands
 t - a wand of disintegration (12)
Scrolls
 d - 2 scrolls of enchant armour {unknown}
 f - 3 scrolls of blinking {unknown}
 h - 2 scrolls of fear {unknown}
 i - 2 scrolls of remove curse
 j - a scroll of fog
 l - a scroll of random uselessness
 n - 2 scrolls of immolation {unknown}
 s - 2 scrolls of teleportation {unknown}
Potions
 c - 2 potions of might
 g - 3 potions of lignification
 m - a potion of curing
 p - a potion of cancellation
 u - 4 potions of haste
 z - a potion of flight {unknown}
 B - a potion of berserk rage {unknown}
Comestibles
 b - 13 rations


   Skills:
 + Level 4.5 Fighting
 + Level 3.9 Throwing
 - Level 2.4 Dodging
 - Level 1.0 Stealth
 * Level 7.2 Unarmed Combat
 * Level 1.4 Invocations


You had 6 spell levels left.
You knew the following spells:

 Your Spells              Type           Power        Failure   Level  Hunger
a - Corona                Hex            #......      45%         1    ##.....

Your spell library contained the following spells:

 Spells                   Type           Power        Failure   Level  Hunger
 Animate Skeleton         Necr           N/A          45%         1    ##.....
 Apportation              Tloc           #.....       45%         1    ##.....
 Summon Small Mammal      Summ           #...         45%         1    ##.....


Dungeon Overview and Level Annotations

Branches:
Dungeon (6/15)             Temple (1/1) D:5

Altars:
Ashenzari
Cheibriados
Dithmenos
Fedhas
Gozag
Kikubaaqudgha
Makhleb
Nemelex Xobeh
Okawaru
Ru
Sif Muna
Trog
Uskayaw
Vehumet
Wu Jian
Xom
Yredelemnul
Zin
The Shining One

Annotations:
D:6 Pikel


Innate Abilities, Weirdness & Mutations

You are too large for most types of armour.
You have claws for hands.
Your metabolism is lightning-fast.
You like to eat raw meat.
Your natural rate of healing is unusually fast.
You are covered in fur. (AC +1)
You have extremely tough skin. (AC +3)


Message History

Pikel is severely wounded.
The slave hits you but does no damage.
You scratch Pikel.
Pikel is severely wounded.
Pikel hits you with a +0 whip of freezing.
* * * LOW HITPOINT WARNING * * *
Pikel freezes you.
* * * LOW HITPOINT WARNING * * *
The slave hits you.
* * * LOW HITPOINT WARNING * * *
You scratch Pikel but do no damage.
Pikel is severely wounded.
The slave hits you.
* * * LOW HITPOINT WARNING * * *
Pikel hits you with a +0 whip of freezing.
* * * LOW HITPOINT WARNING * * *
Pikel freezes you.
* * * LOW HITPOINT WARNING * * *
The slave hits you!
You die...

..# #.# #. #.# #.##.#
#.##.# #.##.# #.##.#
####.##.#########..
##..........@pp.....
#...........pKp###..
#.###..##.#######..#
#.........# .........
#####..#### #.##..###
# #..# # #.##..# .#
#####..#
#.##.##..###).
.......# ...##......
######.#######.##...#


You could see Pikel and 4 slaves.

Vanquished Creatures
  Grinder (D:3)
  A sky beast (D:5)
  An orc warrior (D:5)
  A centaur (D:5)
  3 scorpions
  A howler monkey (D:4)
  3 hounds
  A jelly (D:6)
  An orc wizard (D:4)
  An orc priest (D:4)
  Natasha (twice) (D:4)
  5 adders
  4 oozes
  3 worms
  2 dart slugs (D:3)
  7 leopard geckos
  14 orcs
  6 giant cockroaches
  3 goblins (D:1)
  8 hobgoblins
  3 jackals (D:1)
  13 kobolds
  3 quokkas
  A ball python (D:2)
  10 bats
  6 frilled lizards
  13 rats
117 creatures vanquished.

Notes
Turn   | Place    | Note
-------+----------+-------------------------------------------
     0 | D:1      | Emblim88 the Troll Monk began the quest for the Orb.
     0 | D:1      | Reached XP level 1. HP: 22/22 MP: 0/0
   192 | D:1      | Reached XP level 2. HP: 29/29 MP: 1/1
   905 | D:2      | Reached XP level 3. HP: 36/36 MP: 2/2
   907 | D:2      | Reached skill level 1 in Throwing
  1235 | D:2      | Reached skill level 4 in Unarmed Combat
  1330 | D:2      | Reached XP level 4. HP: 37/44 MP: 3/3
  1569 | D:3      | Noticed Grinder
  1590 | D:3      | Paralysed by Grinder for 6 turns
  1614 | D:3      | Paralysed by Grinder for 7 turns
  1627 | D:3      | Killed Grinder
  1627 | D:3      | Reached skill level 5 in Unarmed Combat
  1627 | D:3      | Reached XP level 5. HP: 41/53 MP: 4/4
  1627 | D:3      | Reached XP level 6. HP: 48/61 MP: 5/5
  2433 | D:4      | Noticed Natasha
  2440 | D:4      | Killed Natasha
  2512 | D:4      | Reached skill level 6 in Unarmed Combat
  2512 | D:4      | Reached XP level 7. HP: 68/68 MP: 6/6
  2546 | D:4      | Noticed Natasha
  2555 | D:4      | Killed Natasha
  2839 | D:5      | Entered Level 5 of the Dungeon
  3065 | D:5      | Found a sacrificial altar of Ru.
  3099 | D:5      | Found a staircase to the Ecumenical Temple.
  3111 | Temple   | Entered the Ecumenical Temple
  3219 | Temple   | Became a worshipper of Warmaster Okawaru
  3219 | Temple   | Reached * piety under Okawaru
  3219 | Temple   | Reached ** piety under Okawaru
  3299 | D:5      | Reached skill level 7 in Unarmed Combat
  3610 | D:5      | Reached skill level 1 in Invocations
  3610 | D:5      | Reached XP level 8. HP: 79/79 MP: 7/7
  3913 | D:6      | Learned a level 1 spell: Corona
  3916 | D:6      | Found a sparkling altar of Nemelex Xobeh.
  4029 | D:6      | Noticed Pikel
  4047 | D:6      | HP: 3/79 [Pikel/+0 whip of freezing (4)]
  4047 | D:6      | Mangled by a slave

Levels and vault maps discovered:
D:1:      dpeg_arrival_water_temple_mockup, layout_loops_cross
D:2:      layout_basic, first_ration, nrook_mini_vaults
D:3:      layout_loops_cross, nicolae_underground_beach, uniq_grinder
D:4:      layout_rooms, uniq_natasha
D:5:      layout_basic, lemuel_doored_altar, minmay_temple_entry_trees
D:6:      layout_loops_ring, portal_sewer_entry_a,
          nemelex_xobeh_ov_fountains_minmay, uniq_pikel
Temple:   compressed_dpeg_circular_temple

Skill      XL: |  1  2  3  4  5  6  7 |
---------------+----------------------+-----
Throwing       | 1 2 3 |  3.9
Unarmed Combat | 4 5 6 7 |  7.2
Fighting       | 3 4 |  4.5
Invocations    | 1 |  1.4
Dodging        | |  2.4
Stealth        | |  1.0

Action                   |  1- 3 |  4- 6 |  7- 9 || total
-------------------------+-------+-------+-------++-------
Melee: Unarmed           |   127 |   137 |    71 ||   335
       Punch             |     2 |     3 |     3 ||     8
       Staff             |       |       |    11 ||    11
Throw: Stone             |       |    12 |    15 ||    27
       Boomerang         |       |       |    21 ||    21
  Use: Potion            |       |     1 |     1 ||     2
       Scroll            |       |     4 |     3 ||     7
 Stab: Sleeping          |     5 |     3 |     2 ||    10
       Distracted        |     1 |       |     1 ||     2
  Eat: Chunk             |    18 |    11 |     8 ||    37
Armor: Robe              |    35 |    53 |    28 ||   116
Dodge: Dodged            |    75 |    66 |    40 ||   181

Table legend:
 A = Non-vault XP
 B = Vault XP
 C = Vault XP percentage of total XP
 D = Non-vault monster count
 E = Vault monster count
 F = Vault count percentage of total count
                 A         B        C        D         E       F
            +---------+---------+-------+---------+---------+-------
      Total |    1218 |     312 |  20.4 |     115 |       2 |   1.7
            +---------+---------+-------+---------+---------+-------
        D:1 |      36 |       0 |   0.0 |      22 |       0 |   0.0
        D:2 |      73 |       0 |   0.0 |      27 |       0 |   0.0
        D:3 |      83 |     277 |  76.9 |      29 |       1 |   3.3
        D:4 |     377 |      35 |   8.5 |      18 |       1 |   5.3
        D:5 |     557 |       0 |   0.0 |      16 |       0 |   0.0
        D:6 |      92 |       0 |   0.0 |       3 |       0 |   0.0
            +---------+---------+-------+---------+---------+-------
